Rangers vs Kings

Created - 10 février 2021 at 11:42

Goals
1 2 3 OT1 T
Rangers 0 0 2 1 3
Kings 0 1 1 0 2
Shots
1 2 3 OT1 T
Rangers 11 10 8 3 32
Kings 10 13 9 1 33

1st period

No Goal

Penalties :
Jonas Brodin (LAK) for Roughing (Minor) at 3:58, Matt Duchene (NYR) for Tripping (Minor) at 15:46, Jonas Brodin (LAK) for Charging (Double Minor) at 19:57

2nd period

1. Kings , Jayson Megna 4 (Carter Rowney 11, Michael Del Zotto 7) at 18:16

Penalties :
No Penalty

3rd period

2. Rangers , Kyle Connor 18 (Nazem Kadri 17) at 1:23
3. Kings , Nikolay Goldobin 3 (Sean Kuraly 9) at 9:23
4. Rangers , Justin Williams 11 (Matt Duchene 23, Eric Staal 17) at 13:13

Penalties :
Alex Ovechkin (LAK) for Roughing (Minor) at 18:32

Overtime #1

5. Rangers , Kyle Connor 19 (Eric Staal 18) at 2:13

Penalties :
No Penalty

Goalie Stats

Philipp Grubauer (NYR), 31 saves from 33 shots - (0,939), W, 19-7-3, 62:13 minutes
Semyon Varlamov (LAK), 29 saves from 32 shots - (0,906), OTL, 19-6-4, 62:13 minutes

Players Stats for Rangers

Player Name              G  A  P  +/- PIM S  H  SB GA TA FO     MP     PP MP  PK MP  
------------------------------------------------------------------------------------
Adam Pelech              0  0  0   0  0   0  4  3  0  0  0/0    23:25   2:53   1:15 
Brayden Schenn           0  0  0   1  0   2  2  1  0  0  0/0    20:26   3:28   0:17 
Eric Staal               0  2  2   1  0   2  0  0  1  0  2/3    18:17   2:59   0:00 
Erik Karlsson            0  0  0   1  0   3  0  3  1  0  0/0    23:07   4:27   0:00 
Jack Roslovic            0  0  0   0  0   1  1  0  1  0  1/1    12:12   0:00   0:00 
Jason Spezza             0  0  0   0  0   0  0  1  0  0  5/10   12:55   0:00   0:00 
Justin Williams          1  0  1   0  0   1  5  0  0  1  0/1    18:05   2:59   0:00 
Kyle Connor              2  0  2   2  0   7  1  0  1  0  0/0    20:42   3:28   0:17 
Matt Duchene             0  1  1   0  2   3  1  0  1  1  11/28  19:00   3:28   0:00 
Matt Niskanen            0  0  0   1  0   3  3  0  0  0  0/0    22:28   3:03   0:44 
Nazem Kadri              0  1  1   1  0   4  4  0  0  0  14/19  19:01   2:59   0:00 
Nick Jensen              0  0  0  -1  0   1  1  1  0  0  0/0    14:37   0:00   0:44 
Oskar Sundqvist          0  0  0   0  0   2  2  1  3  1  0/0    15:00   1:01   1:04 
Patrick Russell          0  0  0  -1  0   0  1  0  0  0  0/0     7:41   0:00   0:38 
Pierre-Edouard Bellemare 0  0  0  -1  0   0  0  0  1  1  1/3     9:48   0:58   1:04 
Rasmus Andersson         0  0  0  -1  0   1  1  2  0  0  0/0    18:16   4:10   0:00 
Ron Hainsey              0  0  0   1  0   0  0  4  0  0  0/0    21:40   0:17   1:15 
Vinnie Hinostroza        0  0  0  -1  0   2  0  0  0  0  0/0     9:19   0:55   0:38 

Players Stats for Kings

Player Name              G  A  P  +/- PIM S  H  SB GA TA FO     MP     PP MP  PK MP  
------------------------------------------------------------------------------------
Alex Goligoski           0  0  0   0  0   1  2  3  0  0  0/0    24:40   1:17   3:38 
Alex Ovechkin            0  0  0  -2  2   3  2  0  0  0  1/2    20:21   1:02   1:13 
Alexander Radulov        0  0  0   0  0   4  1  0  1  0  0/0    16:05   0:32   0:00 
Artem Anisimov           0  0  0   0  0   2  1  0  0  0  0/0     7:35   0:29   0:00 
Artemi Panarin           0  0  0  -2  0   4  0  0  1  1  1/3    18:21   1:02   0:00 
Artturi Lehkonen         0  0  0   1  0   2  4  0  0  0  0/2    19:26   0:28   3:43 
Carter Rowney            0  1  1   0  0   3  3  0  1  0  0/1     8:48   0:25   0:00 
Danny DeKeyser           0  0  0   0  0   0  2  3  0  1  0/0    22:04   0:00   4:06 
Jamie Benn               0  0  0   0  0   2  3  0  0  0  3/8    16:04   0:32   0:00 
Jayson Megna             1  0  1   0  0   3  2  0  0  0  1/6    11:21   0:00   2:15 
Jonas Brodin             0  0  0   0  6   1  1  0  0  1  0/0    19:18   0:42   0:38 
Luke Schenn              0  0  0   0  0   0  1  3  0  1  0/0    17:28   0:00   3:41 
Michael Del Zotto        0  1  1   0  0   0  0  2  0  1  0/0    14:42   0:42   0:42 
Nikolay Goldobin         1  0  1   1  0   1  1  0  0  1  0/0    12:11   0:00   1:10 
Sean Kuraly              0  1  1   1  0   0  1  0  0  1  6/14   15:45   0:25   3:38 
Shea Weber               0  0  0  -1  0   2  1  1  0  1  0/0    24:53   1:17   3:09 
Tage Thompson            0  0  0   0  0   2  0  0  1  0  0/0    11:21   0:00   2:15 
Tomas Hertl              0  0  0  -1  0   3  1  1  0  1  19/29  19:08   1:02   1:08 

3 Stars

1 - Kyle Connor (NYR)
2 - Justin Williams (NYR)
3 - Philipp Grubauer (NYR)

Power Play

Rangers - 0 on 4 Attempt(s) - 0,00%
Kings - 0 on 1 Attempt(s) - 0,00%

Penalty Kill

Rangers - 1 on 1 Attempt(s) - 100,00% - Score 0 goal in Penalty Kill
Kings - 4 on 4 Attempt(s) - 100,00% - Score 0 goal in Penalty Kill

Team Stat

Rangers - Hits : 26 - Faceoff Wins : 34 - Blocked Shots : 16 - Penalty Minutes : 2
Kings - Hits : 26 - Faceoff Wins : 31 - Blocked Shots : 13 - Penalty Minutes : 8

Official

Referees : Francois St-Laurent and Dave Lewis
Linesman : Brent Colby and Steven Walsh

Game Notes

Artem Anisimov is injured at 8:26 of 2nd period (Bruised Left Leg)

Finance

Level 1 -- Attendance: 5701 (95,02%) -- Ticket Income 513 090 $
Level 2 -- Attendance: 4826 (96,52%) -- Ticket Income 241 300 $
Level 3 -- Attendance: 2000 (100,00%) -- Ticket Income 60 000 $
Level 4 -- Attendance: 4000 (100,00%) -- Ticket Income 40 000 $
Luxury Box -- Attendance: 1000 (100,00%) -- Ticket Income 160 000 $
Game was played at the Hollywood Garden.
Total Attendance: 17527 (97,37%)
Total Ticket Income: 1 014 390 $
Other Income: 497 051 $
Total Income: 1 511 441 $

Rangers

5 vs 5 Forward 
   Center                   Left Wing                Right Wing               Time % Phy DF OF 
 1 Nazem Kadri              Kyle Connor              Brayden Schenn           35     0   1  4  
 2 Matt Duchene             Eric Staal               Justin Williams          32     0   2  3  
 3 Jason Spezza             Oskar Sundqvist          Jack Roslovic            23     0   2  3  
 4 Pierre-Edouard Bellemare Vinnie Hinostroza        Patrick Russell          10     0   4  1  

5 vs 5 Defense 
   Defense                  Defense                                           Time % Phy DF OF 
 1 Erik Karlsson            Adam Pelech                                       38     1   2  2  
 2 Matt Niskanen            Ron Hainsey                                       37     1   2  2  
 3 Rasmus Andersson         Nick Jensen                                       25     0   3  2  
 4 Ron Hainsey              Nick Jensen                                       0      1   2  2  

PowerPlay Forward 
   Center                   Left Wing                Right Wing               Time % Phy DF OF 
 1 Matt Duchene             Kyle Connor              Brayden Schenn           60     0   1  4  
 2 Nazem Kadri              Eric Staal               Justin Williams          40     0   1  4  

PowerPlay Defense
   Defense                  Defense                                           Time % Phy DF OF 
 1 Erik Karlsson            Rasmus Andersson                                  60     0   1  4  
 2 Matt Niskanen            Adam Pelech                                       40     0   1  4  

Penalty Kill 4 Players Forward 
   Center                   Wing                     Time % Phy DF OF 
 1 Pierre-Edouard Bellemare Oskar Sundqvist          60     0   5  0  
 2 Vinnie Hinostroza        Patrick Russell          40     0   5  0  

Penalty Kill 4 Players Defense
   Defense                  Defense                  Time % Phy DF OF 
 1 Adam Pelech              Ron Hainsey              60     0   5  0  
 2 Matt Niskanen            Nick Jensen              40     0   5  0  

Penalty Kill - 3 Players Forward 
   Forward                                           Time % Phy DF OF 
 1 Pierre-Edouard Bellemare                          60     0   5  0  
 2 Oskar Sundqvist                                   40     0   5  0  

Penalty Kill - 3 Players Defense
   Defense                  Defense                  Time % Phy DF OF 
 1 Adam Pelech              Ron Hainsey              60     0   5  0  
 2 Matt Niskanen            Nick Jensen              40     0   5  0  

4 vs 4 Forward 
   Center                   Wing                     Time % Phy DF OF 
 1 Matt Duchene             Kyle Connor              60     0   2  3  
 2 Eric Staal               Oskar Sundqvist          40     0   2  3  

4 vs 4 Defense
   Defense                  Defense                  Time % Phy DF OF 
 1 Ron Hainsey              Adam Pelech              60     0   2  3  
 2 Matt Niskanen            Rasmus Andersson         40     0   2  3  

Last Minutes Offensive
   Center                   Left Wing                Right Wing               Defense                  Defense                  
   Eric Staal               Kyle Connor              Brayden Schenn           Matt Niskanen            Erik Karlsson            

Last Minutes Defensive
   Center                   Left Wing                Right Wing               Defense                  Defense                  
   Pierre-Edouard Bellemare Patrick Russell          Oskar Sundqvist          Ron Hainsey              Adam Pelech              

Goaltenders
Starting : Philipp Grubauer         
Backup : Alexandar Georgiev       

Extra Forwards
Normal : Matt Duchene, Eric Staal, Kyle Connor - PP : Nazem Kadri, Oskar Sundqvist - PK : Pierre-Edouard Bellemare
Extra Defensemen
Normal : Matt Niskanen, Adam Pelech, Erik Karlsson - PP : Matt Niskanen - PK : Adam Pelech, Ron Hainsey
Penalty Shots
Kyle Connor, Jason Spezza, Nazem Kadri, Justin Williams, Vinnie Hinostroza
Custom OT Lines Forwards
Eric Staal, Kyle Connor, Brayden Schenn, Jason Spezza, Matt Duchene, Justin Williams, Pierre-Edouard Bellemare, Vinnie Hinostroza, Oskar Sundqvist, Jack Roslovic
Custom OT Lines Defensemen
Erik Karlsson, Adam Pelech, Matt Niskanen, Ron Hainsey, Nick Jensen

Scratches
Anton Stralman (Torn Right ACL Injury), Anthony Bitetto (Healthy), Chandler Stephenson (Severed Right Wrist Tendon Injury)

Kings

5 vs 5 Forward 
   Center                   Left Wing                Right Wing               Time % Phy DF OF 
 1 Tomas Hertl              Alex Ovechkin            Artemi Panarin           38     1   2  2  
 2 Jamie Benn               Artem Anisimov           Alexander Radulov        33     1   2  2  
 3 Sean Kuraly              Artturi Lehkonen         Nikolay Goldobin         20     1   2  2  
 4 Jayson Megna             Carter Rowney            Tage Thompson            9      1   2  2  

5 vs 5 Defense 
   Defense                  Defense                                           Time % Phy DF OF 
 1 Shea Weber               Alex Goligoski                                    40     1   2  2  
 2 Jonas Brodin             Danny DeKeyser                                    35     1   2  2  
 3 Michael Del Zotto        Luke Schenn                                       25     1   2  2  
 4 Shea Weber               Alex Goligoski                                    0      1   2  2  

PowerPlay Forward 
   Center                   Left Wing                Right Wing               Time % Phy DF OF 
 1 Tomas Hertl              Alex Ovechkin            Artemi Panarin           60     0   1  4  
 2 Jamie Benn               Artem Anisimov           Alexander Radulov        40     0   1  4  

PowerPlay Defense
   Defense                  Defense                                           Time % Phy DF OF 
 1 Shea Weber               Alex Goligoski                                    60     1   3  1  
 2 Jonas Brodin             Michael Del Zotto                                 40     1   3  1  

Penalty Kill 4 Players Forward 
   Center                   Wing                     Time % Phy DF OF 
 1 Sean Kuraly              Artturi Lehkonen         60     1   4  0  
 2 Jayson Megna             Tage Thompson            40     1   4  0  

Penalty Kill 4 Players Defense
   Defense                  Defense                  Time % Phy DF OF 
 1 Jonas Brodin             Danny DeKeyser           60     1   4  0  
 2 Shea Weber               Alex Goligoski           40     1   4  0  

Penalty Kill - 3 Players Forward 
   Forward                                           Time % Phy DF OF 
 1 Tomas Hertl                                       60     1   4  0  
 2 Sean Kuraly                                       40     1   4  0  

Penalty Kill - 3 Players Defense
   Defense                  Defense                  Time % Phy DF OF 
 1 Shea Weber               Alex Goligoski           60     1   4  0  
 2 Jonas Brodin             Danny DeKeyser           40     1   4  0  

4 vs 4 Forward 
   Center                   Wing                     Time % Phy DF OF 
 1 Tomas Hertl              Alex Ovechkin            60     1   2  2  
 2 Jamie Benn               Artemi Panarin           40     1   2  2  

4 vs 4 Defense
   Defense                  Defense                  Time % Phy DF OF 
 1 Shea Weber               Alex Goligoski           60     1   2  2  
 2 Jonas Brodin             Danny DeKeyser           40     1   2  2  

Last Minutes Offensive
   Center                   Left Wing                Right Wing               Defense                  Defense                  
   Tomas Hertl              Alex Ovechkin            Artemi Panarin           Shea Weber               Alex Goligoski           

Last Minutes Defensive
   Center                   Left Wing                Right Wing               Defense                  Defense                  
   Tomas Hertl              Alex Ovechkin            Artemi Panarin           Shea Weber               Alex Goligoski           

Goaltenders
Starting : Semyon Varlamov          
Backup : Devan Dubnyk             

Extra Forwards
Normal : Artturi Lehkonen, Sean Kuraly, Nikolay Goldobin - PP : Artturi Lehkonen, Sean Kuraly - PK : Nikolay Goldobin
Extra Defensemen
Normal : Michael Del Zotto, Luke Schenn, Jonas Brodin - PP : Michael Del Zotto - PK : Luke Schenn, Jonas Brodin
Penalty Shots
Alex Ovechkin, Artemi Panarin, Tomas Hertl, Jamie Benn, Alexander Radulov
Custom OT Lines Forwards
Alex Ovechkin, Artemi Panarin, Tomas Hertl, Jamie Benn, Alexander Radulov, Artem Anisimov, Artturi Lehkonen, Sean Kuraly, Nikolay Goldobin, Jayson Megna
Custom OT Lines Defensemen
Shea Weber, Alex Goligoski, Jonas Brodin, Danny DeKeyser, Michael Del Zotto

Scratches
None


% Time on Ice - Rangers

Lines # - Real PCT - Wanted PCT - Time Play
Normal Forward
1 - 33% - 35% - 16:46
2 - 29% - 32% - 14:35
3 - 24% - 23% - 12:12
4 - 14% - 10% - 7:03
Normal Defense
1 - 37% - 38% - 18:36
2 - 36% - 37% - 18:07
3 - 26% - 25% - 13:10
4 - 1% - 0% - 0:43
PP Forward
1 - 60% - 60% - 4:26
2 - 40% - 40% - 2:59
PP Defense
1 - 61% - 60% - 4:32
2 - 39% - 40% - 2:53
PK Forward
1 - 68% - 60% - 1:21
2 - 32% - 40% - 0:38
PK Defense
1 - 63% - 60% - 1:15
2 - 37% - 40% - 0:44
PK3 Forward
1 - 0% - 60%
2 - 0% - 40%
PK3 Defense
1 - 0% - 60%
2 - 0% - 40%
44 Forward
1 - 100% - 60% - 0:32
2 - 0% - 40% - 0:00
44 Defense
1 - 91% - 60% - 0:29
2 - 9% - 40% - 0:03
Last Minute Offensive  - 0:00
Last Minute Defensive  - 0:00
Total
Forward - 60:32
Defense - 60:32

% Time on Ice - Kings

Lines # - Real PCT - Wanted PCT - Time Play
Normal Forward
1 - 32% - 38% - 16:25
2 - 31% - 33% - 15:47
3 - 20% - 20% - 10:01
4 - 17% - 9% - 8:23
Normal Defense
1 - 39% - 40% - 19:42
2 - 36% - 35% - 18:08
3 - 25% - 25% - 12:46
4 - 0% - 0% - 0:00
PP Forward
1 - 73% - 60% - 1:27
2 - 27% - 40% - 0:32
PP Defense
1 - 65% - 60% - 1:17
2 - 35% - 40% - 0:42
PK Forward
1 - 70% - 60% - 5:10
2 - 30% - 40% - 2:15
PK Defense
1 - 65% - 60% - 4:48
2 - 35% - 40% - 2:37
PK3 Forward
1 - 100% - 60% - 0:32
2 - 0% - 40% - 0:00
PK3 Defense
1 - 100% - 60% - 0:32
2 - 0% - 40% - 0:00
44 Forward
1 - 0% - 60%
2 - 0% - 40%
44 Defense
1 - 0% - 60%
2 - 0% - 40%
Last Minute Offensive  - 0:00
Last Minute Defensive  - 0:00
Total
Forward - 60:32
Defense - 60:32

Play-by-Play

1st period


0:01 of 1st period - Tomas Hertl wins face-off versus Nazem Kadri in neutral zone.
0:36 of 1st period - Snap shot by Alexander Radulov.
0:36 of 1st period - Deflect By Artem Anisimov.
0:36 of 1st period - Stopped by Philipp Grubauer with a rebound.
0:45 of 1st period - Icing by Erik Karlsson.
0:46 of 1st period - Sean Kuraly wins face-off versus Jason Spezza in Rangers zone.
1:39 of 1st period - Wrist shot by Nazem Kadri.
1:39 of 1st period - Stopped by Semyon Varlamov without a rebound.
1:40 of 1st period - Matt Duchene wins face-off versus Jamie Benn in Kings zone.
1:55 of 1st period - Wrist shot by Matt Duchene.
1:55 of 1st period - Shot Blocked by Michael Del Zotto.
2:04 of 1st period - Icing by Nick Jensen.
2:05 of 1st period - Tomas Hertl wins face-off versus Matt Duchene in Rangers zone.
2:12 of 1st period - Slapshot by Nazem Kadri.
2:12 of 1st period - Stopped by Semyon Varlamov without a rebound.
2:13 of 1st period - Nazem Kadri wins face-off versus Jamie Benn in Kings zone.
2:35 of 1st period - Backhand shot by Nazem Kadri.
2:35 of 1st period - Shot Misses the Net.
2:41 of 1st period - Brayden Schenn is hit by Jamie Benn.
2:56 of 1st period - Wrist shot by Alexander Radulov.
2:56 of 1st period - Shot Misses the Net.
3:04 of 1st period - Snap shot by Artem Anisimov.
3:04 of 1st period - Shot Misses the Net.
3:06 of 1st period - Slapshot by Alex Goligoski.
3:06 of 1st period - Stopped by Philipp Grubauer with a rebound.
3:20 of 1st period - Snap shot by Alexander Radulov.
3:20 of 1st period - Stopped by Philipp Grubauer without a rebound.
3:21 of 1st period - Tomas Hertl wins face-off versus Jason Spezza in Rangers zone.
3:30 of 1st period - Wrist shot by Tomas Hertl.
3:30 of 1st period - Stopped by Philipp Grubauer with a rebound.
3:46 of 1st period - Danny DeKeyser is hit by Justin Williams and loses puck.
3:58 of 1st period - Minor Penalty to Jonas Brodin for Roughing.
3:59 of 1st period - Matt Duchene wins face-off versus Sean Kuraly in Kings zone.
3:59 of 1st period - Wrist shot by Kyle Connor.
3:59 of 1st period - Shot Blocked by Danny DeKeyser.
4:05 of 1st period - Wrist shot by Brayden Schenn.
4:05 of 1st period - Shot Misses the Net.
4:25 of 1st period - Slapshot by Eric Staal.
4:25 of 1st period - Stopped by Semyon Varlamov without a rebound.
4:26 of 1st period - Matt Duchene wins face-off versus Sean Kuraly in Kings zone.
4:59 of 1st period - Artturi Lehkonen is hit by Brayden Schenn and loses puck.
5:58 of 1st period - Penalty to Jonas Brodin is over, Jonas Brodin is back on ice.
6:17 of 1st period - Ron Hainsey is hit by Alex Ovechkin.
6:27 of 1st period - Danny DeKeyser is hit by Nick Jensen and loses puck.
6:34 of 1st period - Snap shot by Artem Anisimov.
6:34 of 1st period - Shot Misses the Net.
6:36 of 1st period - Snap shot by Michael Del Zotto.
6:36 of 1st period - Shot Misses the Net.
6:52 of 1st period - Brayden Schenn is hit by Luke Schenn and loses puck.
7:54 of 1st period - Justin Williams is hit by Jamie Benn.
8:51 of 1st period - Wrist shot by Matt Duchene.
8:51 of 1st period - Shot Blocked by Shea Weber.
8:53 of 1st period - Slapshot by Matt Niskanen.
8:53 of 1st period - Shot Blocked by Alex Goligoski.
8:55 of 1st period - Snap shot by Matt Duchene.
8:55 of 1st period - Stopped by Semyon Varlamov with a rebound.
10:29 of 1st period - Wrist shot by Oskar Sundqvist.
10:29 of 1st period - Stopped by Semyon Varlamov without a rebound.
10:30 of 1st period - Nazem Kadri wins face-off versus Jayson Megna in Kings zone.
10:31 of 1st period - Wrist shot by Kyle Connor.
10:31 of 1st period - Stopped by Semyon Varlamov with a rebound.
10:33 of 1st period - Slapshot by Nick Jensen.
10:33 of 1st period - Shot Misses the Net.
10:35 of 1st period - Slapshot by Rasmus Andersson.
10:35 of 1st period - Stopped by Semyon Varlamov with a rebound.
10:37 of 1st period - Wrist shot by Brayden Schenn.
10:37 of 1st period - Stopped by Semyon Varlamov without a rebound.
10:38 of 1st period - Tomas Hertl wins face-off versus Matt Duchene in Kings zone.
10:51 of 1st period - Snap shot by Alex Ovechkin.
10:51 of 1st period - Stopped by Philipp Grubauer without a rebound.
10:52 of 1st period - Tomas Hertl wins face-off versus Matt Duchene in Rangers zone.
10:59 of 1st period - Wrist shot by Artemi Panarin.
10:59 of 1st period - Shot Misses the Net.
11:05 of 1st period - Snap shot by Tomas Hertl.
11:05 of 1st period - Stopped by Philipp Grubauer with a rebound.
11:09 of 1st period - Wrist shot by Alex Ovechkin.
11:09 of 1st period - Shot Misses the Net.
11:19 of 1st period - Alex Goligoski is hit by Brayden Schenn and loses puck.
11:36 of 1st period - Adam Pelech is hit by Artem Anisimov.
11:48 of 1st period - Danny DeKeyser is hit by Adam Pelech and loses puck.
11:56 of 1st period - Off-side.
11:57 of 1st period - Matt Duchene wins face-off versus Tomas Hertl in neutral zone.
12:10 of 1st period - Wrist shot by Matt Duchene.
12:10 of 1st period - Stopped by Semyon Varlamov without a rebound.
12:11 of 1st period - Tomas Hertl wins face-off versus Nazem Kadri in Kings zone.
12:26 of 1st period - Snap shot by Alex Ovechkin.
12:26 of 1st period - Shot Blocked by Ron Hainsey.
12:28 of 1st period - Snap shot by Alex Ovechkin.
12:28 of 1st period - Stopped by Philipp Grubauer with a rebound.
12:49 of 1st period - Icing by Jamie Benn.
12:50 of 1st period - Jason Spezza wins face-off versus Jamie Benn in Kings zone.
13:03 of 1st period - Wrist shot by Oskar Sundqvist.
13:03 of 1st period - Shot Blocked by Luke Schenn.
13:05 of 1st period - Slapshot by Erik Karlsson.
13:05 of 1st period - Stopped by Semyon Varlamov without a rebound.
13:06 of 1st period - Tomas Hertl wins face-off versus Matt Duchene in Kings zone.
13:06 of 1st period - Tomas Hertl is hit by Justin Williams.
13:22 of 1st period - Slapshot by Matt Duchene.
13:22 of 1st period - Deflect By Eric Staal.
13:22 of 1st period - Shot Misses the Net.
13:22 of 1st period - Puck is out of play.
13:23 of 1st period - Nazem Kadri wins face-off versus Artturi Lehkonen in Kings zone.
13:50 of 1st period - Matt Niskanen is hit by Shea Weber and loses puck.
14:19 of 1st period - Snap shot by Tage Thompson.
14:19 of 1st period - Shot Blocked by Ron Hainsey.
14:21 of 1st period - Slapshot by Luke Schenn.
14:21 of 1st period - Shot Misses the Net.
14:23 of 1st period - Snap shot by Carter Rowney.
14:23 of 1st period - Stopped by Philipp Grubauer with a rebound.
14:35 of 1st period - Snap shot by Alexander Radulov.
14:35 of 1st period - Shot Misses the Net.
14:45 of 1st period - Backhand shot by Vinnie Hinostroza.
14:45 of 1st period - Shot Blocked by Michael Del Zotto.
14:47 of 1st period - Slapshot by Matt Niskanen.
14:47 of 1st period - Shot Blocked by Luke Schenn.
14:57 of 1st period - Artem Anisimov is hit by Nazem Kadri and loses puck.
15:10 of 1st period - Snap shot by Jamie Benn.
15:10 of 1st period - Shot Blocked by Brayden Schenn.
15:12 of 1st period - Snap shot by Michael Del Zotto.
15:12 of 1st period - Shot Blocked by Erik Karlsson.
15:14 of 1st period - Wrist shot by Luke Schenn.
15:14 of 1st period - Shot Blocked by Adam Pelech.
15:16 of 1st period - Slapshot by Artem Anisimov.
15:16 of 1st period - Stopped by Philipp Grubauer with a rebound.
15:41 of 1st period - Slapshot by Alexander Radulov.
15:41 of 1st period - Stopped by Philipp Grubauer without a rebound.
15:42 of 1st period - Tomas Hertl wins face-off versus Matt Duchene in Rangers zone.
15:46 of 1st period - Minor Penalty to Matt Duchene for Tripping.
15:47 of 1st period - Tomas Hertl wins face-off versus Pierre-Edouard Bellemare in Rangers zone.
17:03 of 1st period - Adam Pelech is hit by Jamie Benn and loses puck.
17:14 of 1st period - Patrick Russell is hit by Artturi Lehkonen and loses puck.
17:25 of 1st period - Kyle Connor is hit by Artturi Lehkonen and loses puck.
17:46 of 1st period - Penalty to Matt Duchene is over, Matt Duchene is back on ice.
19:08 of 1st period - Artturi Lehkonen is hit by Rasmus Andersson.
19:54 of 1st period - Wrist shot by Brayden Schenn.
19:54 of 1st period - Stopped by Semyon Varlamov without a rebound.
19:55 of 1st period - Tomas Hertl wins face-off versus Nazem Kadri in Kings zone.
19:57 of 1st period - Double Minor Penalty to Jonas Brodin for Charging.
19:58 of 1st period - Matt Duchene wins face-off versus Sean Kuraly in Kings zone.
Goals for this period are 0 for Rangers vs 0 for Kings.
Shots for this period are 11 for Rangers vs 10 for Kings.

2nd period


0:01 of 2nd period - Sean Kuraly wins face-off versus Matt Duchene in neutral zone.
0:09 of 2nd period - Snap shot by Matt Duchene.
0:09 of 2nd period - Shot Blocked by Danny DeKeyser.
0:11 of 2nd period - Wrist shot by Kyle Connor.
0:11 of 2nd period - Stopped by Semyon Varlamov without a rebound.
0:12 of 2nd period - Sean Kuraly wins face-off versus Matt Duchene in Kings zone.
0:53 of 2nd period - Slapshot by Tage Thompson.
0:53 of 2nd period - Deflect By Jayson Megna.
0:53 of 2nd period - Shot Blocked by Erik Karlsson.
0:53 of 2nd period - Puck is out of play.
0:54 of 2nd period - Sean Kuraly wins face-off versus Matt Duchene in Rangers zone.
0:55 of 2nd period - Snap shot by Artturi Lehkonen.
0:55 of 2nd period - Stopped by Philipp Grubauer with a rebound.
2:08 of 2nd period - Alex Ovechkin is hit by Justin Williams and loses puck.
3:08 of 2nd period - Vinnie Hinostroza is hit by Nikolay Goldobin and loses puck.
3:34 of 2nd period - Alex Ovechkin is hit by Matt Niskanen and loses puck.
3:45 of 2nd period - Slapshot by Vinnie Hinostroza.
3:45 of 2nd period - Shot Misses the Net.
3:55 of 2nd period - Luke Schenn is hit by Oskar Sundqvist and loses puck.
3:57 of 2nd period - Penalty to Jonas Brodin is over, Jonas Brodin is back on ice.
4:02 of 2nd period - Vinnie Hinostroza is hit by Jayson Megna and loses puck.
4:09 of 2nd period - Slapshot by Tage Thompson.
4:09 of 2nd period - Shot Misses the Net.
4:13 of 2nd period - Snap shot by Tage Thompson.
4:13 of 2nd period - Shot Misses the Net.
4:25 of 2nd period - Snap shot by Nikolay Goldobin.
4:25 of 2nd period - Shot Blocked by Ron Hainsey.
4:37 of 2nd period - Wrist shot by Tage Thompson.
4:37 of 2nd period - Shot Blocked by Oskar Sundqvist.
4:39 of 2nd period - Snap shot by Tage Thompson.
4:39 of 2nd period - Stopped by Philipp Grubauer without a rebound.
4:40 of 2nd period - Jamie Benn wins face-off versus Matt Duchene in Rangers zone.
5:14 of 2nd period - Slapshot by Jonas Brodin.
5:14 of 2nd period - Shot Misses the Net.
5:16 of 2nd period - Slapshot by Tomas Hertl.
5:16 of 2nd period - Stopped by Philipp Grubauer without a rebound.
5:17 of 2nd period - Jamie Benn wins face-off versus Matt Duchene in Rangers zone.
5:49 of 2nd period - Slapshot by Shea Weber.
5:49 of 2nd period - Deflect By Artemi Panarin.
5:49 of 2nd period - Shot Blocked by Rasmus Andersson.
5:49 of 2nd period - Puck is out of play.
5:50 of 2nd period - Nazem Kadri wins face-off versus Tomas Hertl in Rangers zone.
5:59 of 2nd period - Backhand shot by Alex Ovechkin.
5:59 of 2nd period - Shot Misses the Net.
6:17 of 2nd period - Adam Pelech is hit by Jonas Brodin and loses puck.
6:24 of 2nd period - Wrist shot by Justin Williams.
6:24 of 2nd period - Shot Blocked by Danny DeKeyser.
6:38 of 2nd period - Slapshot by Alexander Radulov.
6:38 of 2nd period - Stopped by Philipp Grubauer with a rebound.
7:45 of 2nd period - Snap shot by Eric Staal.
7:45 of 2nd period - Stopped by Semyon Varlamov without a rebound.
7:46 of 2nd period - Nazem Kadri wins face-off versus Sean Kuraly in Kings zone.
7:49 of 2nd period - Backhand shot by Nazem Kadri.
7:49 of 2nd period - Stopped by Semyon Varlamov with a rebound.
7:51 of 2nd period - Slapshot by Kyle Connor.
7:51 of 2nd period - Stopped by Semyon Varlamov with a rebound.
7:59 of 2nd period - Snap shot by Brayden Schenn.
7:59 of 2nd period - Deflect By Nazem Kadri.
7:59 of 2nd period - Shot Misses the Net.
7:59 of 2nd period - Puck is out of play.
8:00 of 2nd period - Matt Duchene wins face-off versus Jamie Benn in Kings zone.
8:25 of 2nd period - Artem Anisimov is hit by Nazem Kadri and loses puck.
8:26 of 2nd period - Artem Anisimov from Kings is injured at 8:26 of 2nd period (Bruised Left Leg).
8:27 of 2nd period - Jason Spezza wins face-off versus Tomas Hertl in Kings zone.
8:55 of 2nd period - Alex Goligoski is hit by Kyle Connor and loses puck.
9:04 of 2nd period - Snap shot by Nikolay Goldobin.
9:04 of 2nd period - Shot Misses the Net.
9:06 of 2nd period - Wrist shot by Artturi Lehkonen.
9:06 of 2nd period - Stopped by Philipp Grubauer with a rebound.
9:18 of 2nd period - Brayden Schenn is hit by Carter Rowney and loses puck.
9:23 of 2nd period - Wrist shot by Jayson Megna.
9:23 of 2nd period - Shot Misses the Net.
9:29 of 2nd period - Wrist shot by Tage Thompson.
9:29 of 2nd period - Shot Misses the Net.
9:31 of 2nd period - Slapshot by Jonas Brodin.
9:31 of 2nd period - Shot Blocked by Ron Hainsey.
10:11 of 2nd period - Wrist shot by Alex Ovechkin.
10:11 of 2nd period - Shot Blocked by Adam Pelech.
10:13 of 2nd period - Snap shot by Artemi Panarin.
10:13 of 2nd period - Stopped by Philipp Grubauer with a rebound.
10:15 of 2nd period - Snap shot by Artemi Panarin.
10:15 of 2nd period - Stopped by Philipp Grubauer without a rebound.
10:16 of 2nd period - Tomas Hertl wins face-off versus Matt Duchene in Rangers zone.
10:41 of 2nd period - Erik Karlsson is hit by Alex Goligoski and loses puck.
11:18 of 2nd period - Rasmus Andersson is hit by Alex Goligoski and loses puck.
11:42 of 2nd period - Nazem Kadri is hit by Danny DeKeyser and loses puck.
11:55 of 2nd period - Jamie Benn is hit by Adam Pelech and loses puck.
12:04 of 2nd period - Snap shot by Matt Duchene.
12:04 of 2nd period - Stopped by Semyon Varlamov without a rebound.
12:05 of 2nd period - Alex Ovechkin wins face-off versus Matt Duchene in Kings zone.
13:16 of 2nd period - Snap shot by Shea Weber.
13:16 of 2nd period - Stopped by Philipp Grubauer without a rebound.
13:17 of 2nd period - Matt Duchene wins face-off versus Sean Kuraly in Rangers zone.
13:31 of 2nd period - Icing by Nikolay Goldobin.
13:32 of 2nd period - Jason Spezza wins face-off versus Sean Kuraly in Kings zone.
14:21 of 2nd period - Luke Schenn is hit by Patrick Russell and loses puck.
14:46 of 2nd period - Snap shot by Artemi Panarin.
14:46 of 2nd period - Stopped by Philipp Grubauer without a rebound.
14:47 of 2nd period - Tomas Hertl wins face-off versus Justin Williams in Rangers zone.
14:52 of 2nd period - Wrist shot by Alex Ovechkin.
14:52 of 2nd period - Stopped by Philipp Grubauer without a rebound.
14:53 of 2nd period - Tomas Hertl wins face-off versus Matt Duchene in Rangers zone.
15:23 of 2nd period - Snap shot by Jack Roslovic.
15:23 of 2nd period - Deflect By Alex Ovechkin.
15:23 of 2nd period - Stopped by Semyon Varlamov with a rebound.
15:29 of 2nd period - Snap shot by Erik Karlsson.
15:29 of 2nd period - Deflect By Jamie Benn.
15:29 of 2nd period - Stopped by Semyon Varlamov with a rebound.
16:05 of 2nd period - Snap shot by Vinnie Hinostroza.
16:05 of 2nd period - Stopped by Semyon Varlamov with a rebound.
16:07 of 2nd period - Snap shot by Matt Niskanen.
16:07 of 2nd period - Stopped by Semyon Varlamov without a rebound.
16:08 of 2nd period - Pierre-Edouard Bellemare wins face-off versus Tomas Hertl in Kings zone.
16:19 of 2nd period - Wrist shot by Pierre-Edouard Bellemare.
16:19 of 2nd period - Shot Blocked by Tomas Hertl.
16:21 of 2nd period - Slapshot by Nick Jensen.
16:21 of 2nd period - Stopped by Semyon Varlamov with a rebound.
16:23 of 2nd period - Wrist shot by Patrick Russell.
16:23 of 2nd period - Shot Hit the Post.
16:54 of 2nd period - Wrist shot by Carter Rowney.
16:54 of 2nd period - Stopped by Philipp Grubauer with a rebound.
16:56 of 2nd period - Wrist shot by Jayson Megna.
16:56 of 2nd period - Stopped by Philipp Grubauer without a rebound.
16:57 of 2nd period - Jack Roslovic wins face-off versus Jayson Megna in Rangers zone.
16:57 of 2nd period - Jack Roslovic is hit by Carter Rowney.
17:31 of 2nd period - Adam Pelech is hit by Tomas Hertl and loses puck.
18:10 of 2nd period - Snap shot by Pierre-Edouard Bellemare.
18:10 of 2nd period - Shot Misses the Net.
18:16 of 2nd period - Snap shot by Jayson Megna.
18:16 of 2nd period - Goal by Jayson Megna - Rangers : 0 - Kings : 1.
18:17 of 2nd period - Matt Duchene wins face-off versus Tomas Hertl in neutral zone.
18:44 of 2nd period - Jonas Brodin is hit by Nazem Kadri and loses puck.
19:11 of 2nd period - Ron Hainsey is hit by Jayson Megna and loses puck.
Goals for this period are 0 for Rangers vs 1 for Kings.
Shots for this period are 10 for Rangers vs 13 for Kings.

3rd period


0:01 of 3rd period - Tomas Hertl wins face-off versus Nazem Kadri in neutral zone.
0:32 of 3rd period - Backhand shot by Nikolay Goldobin.
0:32 of 3rd period - Shot Misses the Net.
0:34 of 3rd period - Slapshot by Shea Weber.
0:34 of 3rd period - Stopped by Philipp Grubauer without a rebound.
0:35 of 3rd period - Artemi Panarin wins face-off versus Matt Duchene in Rangers zone.
1:02 of 3rd period - Danny DeKeyser is hit by Adam Pelech and loses puck.
1:15 of 3rd period - Wrist shot by Vinnie Hinostroza.
1:15 of 3rd period - Stopped by Semyon Varlamov without a rebound.
1:16 of 3rd period - Nazem Kadri wins face-off versus Jayson Megna in Kings zone.
1:21 of 3rd period - Wrist shot by Kyle Connor.
1:21 of 3rd period - Deflect By Nazem Kadri.
1:21 of 3rd period - Shot Misses the Net.
1:21 of 3rd period - Puck is out of play.
1:22 of 3rd period - Nazem Kadri wins face-off versus Carter Rowney in Kings zone.
1:23 of 3rd period - Wrist shot by Kyle Connor.
1:23 of 3rd period - Goal by Kyle Connor - Rangers : 1 - Kings : 1.
1:24 of 3rd period - Tomas Hertl wins face-off versus Jason Spezza in neutral zone.
1:49 of 3rd period - Matt Duchene is hit by Danny DeKeyser and loses puck.
1:56 of 3rd period - Snap shot by Jamie Benn.
1:56 of 3rd period - Stopped by Philipp Grubauer without a rebound.
1:57 of 3rd period - Nazem Kadri wins face-off versus Tomas Hertl in Rangers zone.
2:02 of 3rd period - Slapshot by Erik Karlsson.
2:02 of 3rd period - Shot Misses the Net.
2:22 of 3rd period - Jamie Benn is hit by Justin Williams.
2:44 of 3rd period - Wrist shot by Carter Rowney.
2:44 of 3rd period - Stopped by Philipp Grubauer with a rebound.
2:46 of 3rd period - Wrist shot by Jonas Brodin.
2:46 of 3rd period - Stopped by Philipp Grubauer without a rebound.
2:47 of 3rd period - Jason Spezza wins face-off versus Artturi Lehkonen in Rangers zone.
3:06 of 3rd period - Slapshot by Oskar Sundqvist.
3:06 of 3rd period - Stopped by Semyon Varlamov with a rebound.
3:58 of 3rd period - Nick Jensen is hit by Sean Kuraly and loses puck.
4:07 of 3rd period - Wrist shot by Artturi Lehkonen.
4:07 of 3rd period - Shot Blocked by Rasmus Andersson.
4:23 of 3rd period - Nick Jensen is hit by Artturi Lehkonen and loses puck.
4:44 of 3rd period - Sean Kuraly is hit by Jack Roslovic and loses puck.
4:55 of 3rd period - Rasmus Andersson is hit by Artturi Lehkonen and loses puck.
5:09 of 3rd period - Icing by Rasmus Andersson.
5:10 of 3rd period - Tomas Hertl wins face-off versus Jason Spezza in Rangers zone.
5:11 of 3rd period - Snap shot by Artemi Panarin.
5:11 of 3rd period - Shot Hit the Post.
5:57 of 3rd period - Snap shot by Tage Thompson.
5:57 of 3rd period - Stopped by Philipp Grubauer without a rebound.
5:58 of 3rd period - Matt Duchene wins face-off versus Jayson Megna in Rangers zone.
6:42 of 3rd period - Off-side.
6:43 of 3rd period - Nazem Kadri wins face-off versus Tomas Hertl in neutral zone.
7:10 of 3rd period - Jamie Benn is hit by Matt Niskanen and loses puck.
7:28 of 3rd period - Off-side.
7:29 of 3rd period - Jayson Megna wins face-off versus Pierre-Edouard Bellemare in neutral zone.
7:40 of 3rd period - Off-side.
7:41 of 3rd period - Nazem Kadri wins face-off versus Jamie Benn in neutral zone.
8:27 of 3rd period - Jonas Brodin is hit by Matt Niskanen and loses puck.
8:59 of 3rd period - Snap shot by Jamie Benn.
8:59 of 3rd period - Stopped by Philipp Grubauer with a rebound.
9:19 of 3rd period - Icing by Justin Williams.
9:20 of 3rd period - Sean Kuraly wins face-off versus Matt Duchene in Rangers zone.
9:21 of 3rd period - Snap shot by Nikolay Goldobin.
9:21 of 3rd period - Shot Blocked by Nick Jensen.
9:23 of 3rd period - Snap shot by Nikolay Goldobin.
9:23 of 3rd period - Goal by Nikolay Goldobin - Rangers : 1 - Kings : 2.
9:24 of 3rd period - Nazem Kadri wins face-off versus Alex Ovechkin in neutral zone.
9:39 of 3rd period - Snap shot by Kyle Connor.
9:39 of 3rd period - Stopped by Semyon Varlamov with a rebound.
9:41 of 3rd period - Slapshot by Ron Hainsey.
9:41 of 3rd period - Shot Blocked by Alex Goligoski.
9:51 of 3rd period - Justin Williams is hit by Alexander Radulov and loses puck.
10:52 of 3rd period - Luke Schenn is hit by Nazem Kadri and loses puck.
11:17 of 3rd period - Snap shot by Alexander Radulov.
11:17 of 3rd period - Stopped by Philipp Grubauer without a rebound.
11:18 of 3rd period - Jamie Benn wins face-off versus Eric Staal in Rangers zone.
12:08 of 3rd period - Snap shot by Carter Rowney.
12:08 of 3rd period - Shot Blocked by Erik Karlsson.
12:14 of 3rd period - Wrist shot by Jayson Megna.
12:14 of 3rd period - Shot Misses the Net.
12:40 of 3rd period - Icing by Matt Niskanen.
12:41 of 3rd period - Matt Duchene wins face-off versus Tomas Hertl in Rangers zone.
13:11 of 3rd period - Wrist shot by Matt Duchene.
13:11 of 3rd period - Shot Blocked by Luke Schenn.
13:13 of 3rd period - Snap shot by Justin Williams.
13:13 of 3rd period - Goal by Justin Williams - Rangers : 2 - Kings : 2.
13:14 of 3rd period - Nazem Kadri wins face-off versus Tomas Hertl in neutral zone.
14:07 of 3rd period - Wrist shot by Jayson Megna.
14:07 of 3rd period - Stopped by Philipp Grubauer without a rebound.
14:08 of 3rd period - Jason Spezza wins face-off versus Jayson Megna in Rangers zone.
14:19 of 3rd period - Oskar Sundqvist is hit by Carter Rowney and loses puck.
14:24 of 3rd period - Slapshot by Tage Thompson.
14:24 of 3rd period - Deflect By Jack Roslovic.
14:24 of 3rd period - Shot Blocked by Adam Pelech.
14:24 of 3rd period - Puck is out of play.
14:25 of 3rd period - Nazem Kadri wins face-off versus Tomas Hertl in Rangers zone.
14:29 of 3rd period - Off-side.
14:30 of 3rd period - Tomas Hertl wins face-off versus Nazem Kadri in neutral zone.
14:57 of 3rd period - Jamie Benn is hit by Matt Duchene and loses puck.
15:02 of 3rd period - Slapshot by Matt Duchene.
15:02 of 3rd period - Shot Misses the Net.
15:04 of 3rd period - Snap shot by Erik Karlsson.
15:04 of 3rd period - Stopped by Semyon Varlamov without a rebound.
15:05 of 3rd period - Sean Kuraly wins face-off versus Jason Spezza in Kings zone.
15:18 of 3rd period - Wrist shot by Nikolay Goldobin.
15:18 of 3rd period - Shot Misses the Net.
15:32 of 3rd period - Matt Niskanen is hit by Alex Ovechkin and loses puck.
15:56 of 3rd period - Snap shot by Alex Ovechkin.
15:56 of 3rd period - Shot Misses the Net.
16:18 of 3rd period - Wrist shot by Vinnie Hinostroza.
16:18 of 3rd period - Shot Blocked by Alex Goligoski.
16:48 of 3rd period - Alexander Radulov is hit by Adam Pelech and loses puck.
16:53 of 3rd period - Slapshot by Nazem Kadri.
16:53 of 3rd period - Stopped by Semyon Varlamov without a rebound.
16:54 of 3rd period - Nazem Kadri wins face-off versus Sean Kuraly in Kings zone.
17:07 of 3rd period - Slapshot by Kyle Connor.
17:07 of 3rd period - Shot Misses the Net.
17:09 of 3rd period - Slapshot by Matt Niskanen.
17:09 of 3rd period - Stopped by Semyon Varlamov with a rebound.
17:11 of 3rd period - Slapshot by Ron Hainsey.
17:11 of 3rd period - Shot Misses the Net.
17:21 of 3rd period - Michael Del Zotto is hit by Oskar Sundqvist and loses puck.
17:58 of 3rd period - Wrist shot by Pierre-Edouard Bellemare.
17:58 of 3rd period - Shot Misses the Net.
18:32 of 3rd period - Minor Penalty to Alex Ovechkin for Roughing.
18:33 of 3rd period - Matt Duchene wins face-off versus Sean Kuraly in Kings zone.
19:32 of 3rd period - Jayson Megna is hit by Justin Williams.
Goals for this period are 2 for Rangers vs 1 for Kings.
Shots for this period are 8 for Rangers vs 9 for Kings.

Overtime #1


0:01 of 1st overtime period - Tomas Hertl wins face-off versus Matt Duchene in neutral zone.
0:06 of 1st overtime period - Slapshot by Alex Goligoski.
0:06 of 1st overtime period - Shot Misses the Net.
0:32 of 1st overtime period - Penalty to Alex Ovechkin is over, Alex Ovechkin is back on ice.
1:00 of 1st overtime period - Slapshot by Matt Niskanen.
1:00 of 1st overtime period - Stopped by Semyon Varlamov with a rebound.
1:49 of 1st overtime period - Icing by Danny DeKeyser.
1:50 of 1st overtime period - Tomas Hertl wins face-off versus Matt Duchene in Kings zone.
1:57 of 1st overtime period - Snap shot by Artturi Lehkonen.
1:57 of 1st overtime period - Shot Blocked by Jason Spezza.
2:03 of 1st overtime period - Backhand shot by Artemi Panarin.
2:03 of 1st overtime period - Stopped by Philipp Grubauer without a rebound.
2:04 of 1st overtime period - Eric Staal wins face-off versus Artemi Panarin in Rangers zone.
2:09 of 1st overtime period - Snap shot by Kyle Connor.
2:09 of 1st overtime period - Stopped by Semyon Varlamov without a rebound.
2:10 of 1st overtime period - Eric Staal wins face-off versus Artemi Panarin in Kings zone.
2:13 of 1st overtime period - Wrist shot by Kyle Connor.
2:13 of 1st overtime period - Goal by Kyle Connor - Rangers : 3 - Kings : 2.
Goals for this period are 1 for Rangers vs 0 for Kings.
Shots for this period are 3 for Rangers vs 1 for Kings. Output by the SimonT Hockey Simulator (STHS) for Eric Tremblay - Original Page W3C HTML5 Valid
Hockey Simulator - Hockey Simulation - Hockey Manager